 Dungeon Crawl Stone Soup version 0.30.1 (webtiles) character file.

Game seed: 9662322668165358307

529 Groucho the Shooter (level 7, -2/36 HPs)
             Began as a Spriggan Hunter on July 7, 2023.
             Slain by a bullfrog (4 damage)
             ... on level 5 of the Dungeon.
             The game lasted 00:04:01 (2926 turns).

Groucho the Shooter (Spriggan Hunter)               Turns: 2926, Time: 00:04:01

Health: -2/36      AC:  2    Str:  7    XL:     7   Next: 3%
Magic:  8/8        EV: 21    Int: 10    God:
Gold:   310        SH:  0    Dex: 21    Spells: 6/6 levels left

rFire   . . .        a - +0 shortbow
rCold   . . .        (shield currently unavailable)
rNeg    . . .        c - +0 robe
rPois   .            (helmet restricted)
rElec   .            (no cloak)
rCorr   .            (gloves unavailable)
SInv    +            (boots unavailable)
Will    +....        d - amulet of magic regeneration
Stlth   ++           (no ring)
HPRegen 0.26/turn    (no ring)
MPRegen 0.51/turn

%: no passive effects
@: flying, very quick
A: very small, no large weapons, unfitting armour, see invisible, speed 3,
antennae 1, claws 1
a: no special abilities


You were on level 5 of the Dungeon.
You visited 1 branch of the dungeon, and saw 6 of its levels.

You collected 310 gold pieces.

Inventory:

Hand Weapons
 a - a +0 shortbow (weapon)
Armour
 c - a +0 robe (worn)
Jewellery
 d - an amulet of magic regeneration (around neck)
Wands
 t - a wand of charming (8)
Scrolls
 b - 4 scrolls of immolation
 e - 3 scrolls of identify {unknown}
 f - 2 scrolls of enchant armour {unknown}
 h - a scroll of fear {unknown}
 i - 2 scrolls of teleportation {unknown}
 j - a scroll of amnesia {unknown}
 k - a scroll of summoning {unknown}
 l - 2 scrolls of enchant weapon {unknown}
 m - a scroll of vulnerability {unknown}
 n - a scroll of poison {unknown}
 p - a scroll of blinking {unknown}
 q - a scroll of torment {unknown}
 s - a scroll of noise {unknown}
Potions
 r - a potion of mutation


   Skills:
 + Level 3.3 Fighting
 * Level 6.6 Ranged Weapons
 + Level 5.5 Dodging
 - Level 1.5 Stealth


You had 6 spell levels left.
You didn't know any spells.
Your spell library was empty.

Dungeon Overview and Level Annotations

Branches:
Dungeon (6/15)
 Temple: D:4-7

Altars:
Ashenzari
Cheibriados

Shops:
D:6 =


Innate Abilities, Weirdness & Mutations

You are very small and have problems with some larger weapons.
You are too small for most types of armour.
You have supernaturally acute eyesight. (SInv)
You cover ground extremely quickly. (Speed+++)
You have a pair of small antennae on your head.
You have sharp fingernails.


Message History

You see here 3 poisoned darts.
The bullfrog hits you.
* * * LOW HITPOINT WARNING * * *
There is an open door here.
There is a stone staircase leading up here.
The bullfrog hits you!
* * * LOW HITPOINT WARNING * * *
The bullfrog completely misses you.
You climb upwards.
Found a scale mail.
There is a stone staircase leading down here.
Unknown command.
You are too injured to fight recklessly!
It was a potion of mutation.
You feel extremely strange. A pair of antennae grows on your head!
Your fingernails lengthen.
The bullfrog misses you. The bullfrog hits you.
* * * LOW HITPOINT WARNING * * *
Unknown command.
Unknown command.
It was a potion of flight.
You feel very buoyant.
You fly up into the air.
The bullfrog barely misses you.
Unknown command.
Unknown command.
Unknown command.
Fire: a) +0 shortbow
Press: ? - help, Q - select action, (/) - cycle Shift-Dir - straight line, f - bullfrog
Aim: a bullfrog (lightly wounded, 60% to hit)
You shoot an arrow. The arrow closely misses the bullfrog.
The bullfrog misses you. x2
Unknown command.
Unknown command.
Unknown command.
Fire: a) +0 shortbow
Press: ? - help, Q - select action, (/) - cycle Shift-Dir - straight line, f/p - bullfrog
Aim: a bullfrog (lightly wounded, 60% to hit)
You shoot an arrow. The arrow hits the bullfrog.
The bullfrog is moderately wounded.
The bullfrog hits you.
You die...

.. ##
...#..
.#....###
........#
#@# #F#
#....#
#..#.#
##.#.. #
... ....
..## #[.#


You could see a bullfrog.

Vanquished Creatures
  2 water moccasins (D:6)
  A sky beast (D:6)
  3 hounds
  An iguana (D:3)
  6 adders
  2 dart slugs (D:3)
  An orc (D:6)
  5 ball pythons
  5 endoplasms
  A giant cockroach (D:2)
  4 goblins
  11 hobgoblins
  7 quokkas
  4 bats
  5 frilled lizards (D:1)
  3 kobolds
  5 rats
66 creatures vanquished.

Notes
Turn   | Place    | Note
-------+----------+-------------------------------------------
     0 | D:1      | Groucho the Spriggan Hunter began the quest for the Orb.
     0 | D:1      | Reached XP level 1. HP: 10/10 MP: 2/2
    56 | D:1      | Reached XP level 2. HP: 15/15 MP: 3/3
   468 | D:1      | Reached XP level 3. HP: 18/18 MP: 4/4
  1173 | D:3      | Reached XP level 4. HP: 20/23 MP: 5/5
  1239 | D:3      | Reached skill level 5 in Ranged Weapons
  1324 | D:3      | Found a snail-covered altar of Cheibriados.
  1325 | D:3      | Found a broken altar of Ashenzari.
  1389 | D:3      | Reached XP level 5. HP: 27/27 MP: 6/6
  1738 | D:4      | You fall into a shaft and drop 2 floors!
  1842 | D:6      | Noticed a sky beast
  1849 | D:6      | Killed a sky beast
  1850 | D:6      | Reached XP level 6. HP: 32/32 MP: 7/7
  1904 | D:6      | Noticed a steam dragon
  2407 | D:6      | Noticed a water moccasin
  2419 | D:6      | Killed a water moccasin
  2420 | D:6      | Reached skill level 6 in Ranged Weapons
  2420 | D:6      | Reached skill level 5 in Dodging
  2496 | D:6      | Noticed a water moccasin
  2528 | D:6      | Killed a water moccasin
  2529 | D:6      | Reached XP level 7. HP: 20/36 MP: 8/8
  2864 | D:6      | Found Tyavoar's Jewellery Emporium.
  2921 | D:5      | Entered Level 5 of the Dungeon
  2923 | D:5      | Gained mutation: You have a pair of small antennae on your
                  | head. [potion of mutation]
  2923 | D:5      | Gained mutation: You have sharp fingernails. [potion of
                  | mutation]
  2923 | D:5      | HP: 1/36 [bullfrog (3)]
  2926 | D:5      | Slain by a bullfrog

Illustrated notes

Levels and vault maps discovered:
D:1:      dpeg_arrival_tiny_e, layout_loops_ring, minmay_hexomino_f4
D:2:      layout_basic
D:3:      layout_basic, mainiacjoe_overflow_divided_tiny,
          hangedman_abyss_or_decor_stabs
D:4:      layout_gridville, grunt_temple_overflow_holy_war
D:5:      layout_rooms, minmay_temple_entry_statues, serial_shops, shop,
          nicolae_eternal_life
D:6:      layout_gridville, serial_shops, kennysheep_little_box

Skill      XL: |  1  2  3  4  5  6 |
---------------+-------------------+-----
Dodging        | 3 4 5 |  5.5
Fighting       | 2 3 |  3.3
Ranged Weapons | 5 6 |  6.6
Stealth        | |  1.5

Action                     |  1- 3 |  4- 6 |  7- 9 || total
---------------------------+-------+-------+-------++-------
   Fire: Shortbow          |   104 |    85 |     7 ||   196
    Use: Potion            |       |     3 |     3 ||     6
 Armour: Robe              |     4 |     1 |     1 ||     6
  Dodge: Dodged            |    41 |    46 |    11 ||    98
